 Dungeon Crawl Stone Soup version 0.28.0-47-ge53b351184 (webtiles) character file.

Game seed: 10024168943534654609

100 issech the Cudgeller (level 4, 0/44 HPs)
             Began as a Troll Fighter on May 6, 2022.
             Slain by Robin
             ... wielding a +4 whip of distortion
              (6 damage)
             ... on level 2 of the Dungeon.
             The game lasted 00:04:26 (1347 turns).

issech the Cudgeller (Troll Fighter)                Turns: 1347, Time: 00:04:28

Health: 0/44       AC:  4    Str: 24    XL:     4   Next: 47%
Magic:  3/3        EV:  9    Int: 10    God:
Gold:   35         SH:  7    Dex: 11    Spells: 3/3 levels left

rFire   . . .      SeeInvis .   a - +0 flail
rCold   . . .      Faith    .   c - +0 kite shield
rNeg    . . .      Spirit   .   b - +0 robe
rPois   .          Reflect  .   (helmet restricted)
rElec   .          Harm     .   (no cloak)
rCorr   .          Rampage  .   (gloves unavailable)
Will    .....                   (boots unavailable)
Stlth   +.........              (no amulet)
HPRegen 0.94/turn               e - +6 ring of intelligence
MPRegen 0.08/turn               (no ring)

@: no status effects
A: large, unfitting armour, claws 3, regeneration 1, shaggy fur 1, tough skin 1
a: no special abilities


You were on level 2 of the Dungeon.
You visited 1 branch of the dungeon, and saw 2 of its levels.

You collected 35 gold pieces.

Inventory:

Hand Weapons
 a - a +0 flail (weapon)
 l - a +0 hunting sling
Missiles
 g - 20 sling bullets
 j - 24 stones (quivered)
 n - 2 poisoned darts
 p - 19 arrows
Armour
 b - a +0 robe (worn)
 c - a +0 kite shield (worn)
Jewellery
 e - a +6 ring of intelligence (left claw)
 f - a ring of ice
Scrolls
 i - a scroll of fear {unknown}
 o - a scroll of identify {unknown}
Potions
 d - 2 potions of might
 h - a potion of cancellation {unknown}
 k - a potion of heal wounds {unknown}
 m - 2 potions of ambrosia {unknown}


   Skills:
 + Level 2.7 Fighting
 + Level 3.2 Maces & Flails
 + Level 2.9 Dodging
 + Level 2.8 Shields


You had 3 spell levels left.
You didn't know any spells.
Your spell library was empty.

Dungeon Overview and Level Annotations

Branches:
Dungeon (2/15)

Altars:

Annotations:
D:2 1 runed translucent door, Crazy Yiuf, Robin


Innate Abilities, Weirdness & Mutations

You are too large for most types of armour.
You have claws for hands.
Your natural rate of healing is unusually fast.
You are covered in fur. (AC +1)
You have tough skin. (AC +1)


Message History

You kill the goblin!
You closely miss the goblin. The goblin hits you with a +0 dagger.
You closely miss the goblin. The goblin hits you but does no damage.
The goblin barely misses you.
You hit the goblin.
You kill the goblin!
You thump the goblin!
You kill the goblin!
Robin roars a battlecry!
The goblins go into a battle-frenzy!
You barely miss the hobgoblin.
The hobgoblin hits you but does no damage.
You barely miss the hobgoblin.
Robin's bangles clink loudly.
Robin throws the goblin at you! You block the goblin's attack.
The hobgoblin closely misses you. The hobgoblin barely misses you.
The goblin hits you with a +0 club.
You thump the hobgoblin!
You kill the hobgoblin!
The goblin hits you with a +0 club.
You sock the hobgoblin!
You kill the hobgoblin!
You block the goblin's attack.
You sock Robin!
Robin is severely wounded.
You block the goblin's attack.
Robin hits you with a +4 whip of distortion!
The goblin barely misses you.
You hit Robin but do no damage.
Robin is severely wounded.
Robin barely misses you. The goblin hits you with a +0 club.
Robin hits you with a +4 whip of distortion.
Space warps horribly around you.
You closely miss Robin.
Robin is severely wounded.
The goblin hits you with a +0 club.
Robin hits you with a +4 whip of distortion!
* * * LOW HITPOINT WARNING * * *
Space warps around you.
You die...

# #
##################
....g.g...gggg)..#
..g#############)#
...# #g# ...# #@#
...# #g# ...#
#.#### ...# #....#
#### ####.# #.###
#...#
###########.#
#...........#


You could see Robin and a goblin (strong).

Vanquished Creatures
  Jessica (D:2)
  An adder (D:2)
  2 worms (D:1)
  2 dart slugs (D:1)
  4 bats
  2 endoplasms
  10 goblins
  9 hobgoblins
  2 jackals (D:1)
  5 kobolds
  3 quokkas
  3 ball pythons
  A frilled lizard (D:2)
  3 rats (D:1)
48 creatures vanquished.

Vanquished Creatures (others)
  A fungus (D:2)
1 creature vanquished.

Grand Total: 49 creatures vanquished

Notes
Turn   | Place    | Note
-------+----------+-------------------------------------------
     0 | D:1      | issech the Troll Fighter began the quest for the Orb.
     0 | D:1      | Reached XP level 1. HP: 22/22 MP: 0/0
   172 | D:1      | Reached XP level 2. HP: 29/29 MP: 1/1
   232 | D:1      | Reached skill level 2 in Maces & Flails
   635 | D:1      | Reached XP level 3. HP: 36/36 MP: 2/2
  1071 | D:2      | Found a runed translucent door.
  1072 | D:2      | Noticed Crazy Yiuf
  1088 | D:2      | Noticed Jessica
  1105 | D:2      | Killed Jessica
  1106 | D:2      | Reached skill level 3 in Maces & Flails
  1106 | D:2      | Reached XP level 4. HP: 44/44 MP: 3/3
  1286 | D:2      | Noticed Robin
  1347 | D:2      | Slain by Robin

Illustrated notes

Levels and vault maps discovered:
D:1:      kilobyte_arrival_exit_the_forest, layout_basic, serial_curves,
          eino_curves_01, eino_curves_04, nicolae_wormholes
D:2:      layout_basic, uniq_jessica, uniq_robin, uniq_crazy_yiuf_cottage

Skill      XL: |  1  2  3 |
---------------+----------+-----
Maces & Flails | 2 3 |  3.2
Fighting       | |  2.7
Dodging        | |  2.9
Shields        | |  2.8

Action                   |  1- 3 |  4- 6 || total
-------------------------+-------+-------++-------
Melee: Flail             |   137 |    42 ||   179
Armor: Robe              |    77 |    12 ||    89
Dodge: Dodged            |    87 |    16 ||   103
Block: Kite shield       |    71 |    19 ||    90
